 Dungeon Crawl Stone Soup version 0.28-a0-8-g6e044cfa68 (webtiles) character file.

Game seed: 5122161648868222195

60 robertstho the Skirmisher (level 4, -6/24 HPs)
             Began as a Vine Stalker Abyssal Knight on July 23, 2021.
             Was a Follower of Lugonu.
             Mangled by Crazy Yiuf (9 damage)
             ... on level 2 of the Dungeon.
             The game lasted 00:02:22 (2772 turns).

robertstho the Skirmisher (VSAK)                    Turns: 2772, Time: 00:02:23

Health: -6/24      AC:  4    Str: 15    XL:     4   Next: 6%
Magic:  0/6        EV: 16    Int: 12    God:    Lugonu [*.....]
Gold:   24         SH:  0    Dex: 14    Spells: 3/3 levels left

rFire   . . .      SeeInvis .   a - +1 hand axe
rCold   . . .      Faith    .   (no shield)
rNeg    . . .      Spirit   +   b - +1 leather armour
rPois   .          Reflect  .   (no helmet)
rElec   .          Harm     .   (no cloak)
rCorr   .          Rampage  .   (no gloves)
Will    .....                   (no boots)
Stlth   +.........              l - amulet of the acrobat
HPRegen 1.08/turn               (no ring)
MPRegen 0.10/turn               (no ring)

@: agile
A: fangs 2, regeneration 1, magic shield, antimagic bite, no potion heal 2
a: Renounce Religion, Depart the Abyss


You were on level 2 of the Dungeon.
You worshipped Lugonu.
Lugonu was aware of your devotion.
You visited 1 branch of the dungeon, and saw 2 of its levels.
You visited the Abyss 1 time.

You collected 24 gold pieces.

Inventory:

Hand Weapons
 a - a +1 hand axe (weapon)
Missiles
 f - a throwing net
 n - 8 curare-tipped darts
Armour
 b - a +1 leather armour (worn)
Jewellery
 l - an amulet of the acrobat (around neck)
Scrolls
 c - a scroll of identify
 d - 2 scrolls of amnesia
 j - a scroll of enchant armour
Potions
 e - 3 potions of brilliance {unknown}
 g - a potion of degeneration {unknown}
 h - 2 potions of might {unknown}
 i - a potion of ambrosia {unknown}
 k - 2 potions of haste {unknown}


   Skills:
 * Level 3.4 Fighting
 + Level 2.1 Axes
 * Level 2.2 Armour
 + Level 1.0 Dodging
 + Level 0.8 Stealth
 * Level 2.0 Invocations


You had 3 spell levels left.
You didn't know any spells.
Your spell library contained the following spells:

 Spells                   Type           Power      Damage    Failure   Level
 Blade Hands              Tmut           0%         N/A       100%        5
 Irradiate                Conj/Tmut      0%         3d13      100%        5
 Dragon Form              Tmut           0%         N/A       100%        7


Dungeon Overview and Level Annotations

Branches:
Dungeon (2/15)

Altars:

Annotations:
D:2 Crazy Yiuf


Innate Abilities, Weirdness & Mutations

You have extremely sharp teeth.
Your natural rate of healing is unusually fast.
When hurt, damage is shared between your health and your magic reserves.
Your bite disrupts and absorbs the magic of your enemies.
Potions cannot restore your health.


Message History

You open the door. You hit Crazy Yiuf.
Crazy Yiuf is moderately wounded.
Crazy Yiuf screams, "Key!
Ten cloud canine."
Crazy Yiuf hits you with a +3 quarterstaff of chaos!
You hit Crazy Yiuf. You bite Crazy Yiuf. You drain his power.
You feel invigorated.
Crazy Yiuf is heavily wounded.
Crazy Yiuf screams, "Peeping aubergine tortoise!"
Crazy Yiuf hits you with a +3 quarterstaff of chaos!
Crazy Yiuf draws strength from your wounds!
You closely miss Crazy Yiuf.
Crazy Yiuf is moderately wounded.
Crazy Yiuf cries, "You leg down broken song, no?"
Crazy Yiuf hits you with a +3 quarterstaff of chaos.
Crazy Yiuf freezes you.
You barely miss Crazy Yiuf. You bite Crazy Yiuf. You drain his power.
You feel invigorated.
Crazy Yiuf is heavily wounded.
Crazy Yiuf hits you with a +3 quarterstaff of chaos!
* * * LOW HITPOINT WARNING * * *
Crazy Yiuf freezes you.
* * * LOW HITPOINT WARNING * * *
Crazy Yiuf says, "Snower wrapper seventy!"
Crazy Yiuf hits you but does no damage.
You feel agile all of a sudden.
Okay, then.
As you read the scroll labelled YXIHAU MIRA, it crumbles to dust.
It is a scroll of identify.
d - 2 scrolls of amnesia
As you read the scroll labelled IXUTUO QUUSHRIF, it crumbles to dust.
It is a scroll of enchant armour.
Your +0 leather armour glows green for a moment.
Crazy Yiuf closely misses you.
As you read the scroll labelled YHIOCZE ITSED, it crumbles to dust.
You feel aware of your surroundings.
It was a scroll of magic mapping.
Crazy Yiuf hits you with a +3 quarterstaff of chaos!
* * * LOW HITPOINT WARNING * * *
You are electrocuted!
You die...

#######.# #.......#
#.......# #.......##
.........# #........#
#........##♣♣♣♣♣
#.........'..♣.♣♣♣**###
###.#.........♣.@♣#...#
##.#.......♣♣♣♣g'...#
######....'.♣♣ ♣♣#..)# ..#
#..###♣♣ **### #.# ##...#
#.###....# ..##.....####
####### ###
..#.........####...#.# #.#
..'.........'........###.#


You could see Crazy Yiuf.

Vanquished Creatures
  5 bats
  6 endoplasms
  A giant cockroach (D:1)
  6 goblins
  7 hobgoblins
  5 jackals (D:1)
  3 quokkas (D:1)
  4 ball pythons
  2 frilled lizards
  5 kobolds
  8 rats
52 creatures vanquished.

Notes
Turn   | Place    | Note
-------+----------+-------------------------------------------
     0 | Abyss:1  | robertstho the Vine Stalker Abyssal Knight began the quest
                  | for the Orb.
     0 | Abyss:1  | Reached XP level 1. HP: 11/11 MP: 3/3
    12 | Abyss:1  | Found a corrupted altar of Lugonu.
    68 | Abyss:1  | Noticed a thrashing horror
    74 | D:1      | Escaped the Abyss
   423 | D:1      | Reached skill level 3 in Fighting
   423 | D:1      | Reached XP level 2. HP: 15/16 MP: 4/4
   659 | D:1      | Reached * piety under Lugonu
   848 | D:1      | Reached XP level 3. HP: 17/20 MP: 5/5
   967 | D:1      | Found a faded altar of an unknown god.
  2256 | D:2      | Reached skill level 1 in Dodging
  2407 | D:2      | Gained mutation: Your natural rate of healing is unusually
                  | fast. [Vine Stalker growth]
  2407 | D:2      | Reached XP level 4. HP: 23/24 MP: 4/6
  2553 | D:2      | Found a runed translucent door.
  2554 | D:2      | Noticed Crazy Yiuf
  2772 | D:2      | Mangled by Crazy Yiuf

Illustrated notes

Levels and vault maps discovered:
D:1:      nzn_arrival_crosshair, layout_loops_ring,
          chequers_ecumenical_altar_simple_redux, minmay_surrounded
D:2:      layout_loops_corners, uniq_crazy_yiuf_cottage

Skill      XL: |  1  2  3 |
---------------+----------+-----
Fighting       | 3 |  3.4
Axes           | 2 |  2.1
Armour         | 2 |  2.2
Invocations    | 2 |  2.0
Dodging        | 1 |  1.0
Stealth        | |  0.8

Action                   |  1- 3 |  4- 6 || total
-------------------------+-------+-------++-------
Melee: Hand axe          |   126 |    13 ||   139
       Bite              |    27 |     4 ||    31
Invok: Depart the Abyss  |     1 |       ||     1
  Use: Scroll            |       |     3 ||     3
Armor: Leather armour    |    44 |     2 ||    46
Dodge: Dodged            |    65 |     6 ||    71

Table legend: (Time is in decaauts)
 A = Elapsed time spent in this place.
 B = Non-inter-level travel time spent in this place.
 C = Inter-level travel time spent in this place.
 D = Time resting spent in this place.
 E = Time spent auto-exploring this place.
 F = Levels seen in this place.
 G = Mean time per level.
                   A        B        C        D        E       F      G
               +--------+--------+--------+--------+--------+-----+--------+
         Total |   2799 |   2788 |     11 |      0 |   2464 |   3 |  933.0 |
       Dungeon |   2725 |   2714 |     11 |      0 |   2391 |   2 | 1362.5 |
         Abyss |     74 |     74 |      0 |      0 |     73 |   1 |   74.0 |
               +--------+--------+--------+--------+--------+-----+--------+

Top non-repeatable levels by time:
     D:1: 1439 daAuts
     D:2: 1285 daAuts
 Abyss:1: 74 daAuts
